 Dungeon Crawl Stone Soup version 0.19-a0-733-geeb8733 (webtiles) character file.

115 Etesian the Skirmisher (level 4, -13/38 HPs)
             Began as a Centaur Fighter on June 22, 2016.
             Mangled by an orc warrior
             ... wielding a +0 mace
              (18 damage)
             ... on level 2 of the Dungeon.
             The game lasted 00:05:26 (3006 turns).

Etesian the Skirmisher (Centaur Fighter)            Turns: 3006, Time: 00:05:27

Health: -13/38     AC:  6    Str: 21    XL:     4   Next: 68%
Magic:  4/4        EV:  5    Int:  7    God:
Gold:   75         SH:  8    Dex: 10    Spells: 0 memorised, 3 levels left

rFire  . . .     SeeInvis .     p - +2 mace (holy)
rCold  . . .     Gourm    .     b - +0 scale mail
rNeg   . . .     Faith    .     c - +0 shield
rPois  .         Spirit   .     (no helmet)
rElec  .         Dismiss  .     (no cloak)
rCorr  .         Reflect  .     (no gloves)
SustAt .         Harm     .     (no barding)
MR     .....                    (no amulet)
Stlth  ..........               (no ring)
                                n - +3 ring of strength

@: very quick, not resistant to hostile enchantments, extremely unstealthy
A: hooves 3, deformed body, speed 2, tough skin 3
a: no special abilities


You were on level 2 of the Dungeon.
You were hungry.

You visited 1 branch of the dungeon, and saw 3 of its levels.

You collected 75 gold pieces.

Inventory:

Hand Weapons
 p - a +2 mace of holy wrath (weapon)
Armour
 b - a +0 scale mail (worn)
 c - a +0 shield (worn)
Jewellery
 n - a +3 ring of strength (left hand)
Scrolls
 e - a scroll of teleportation
Potions
 d - a potion of might
 g - a potion of magic
 j - a potion of curing
 k - a potion of lignification
 o - a potion of agility {unknown}
Comestibles
 f - 2 bread rations
 l - a meat ration
 m - 3 fruits


   Skills:
 + Level 3.5 Fighting
 * Level 3.1 Maces & Flails
 + Level 2.8 Armour
 + Level 2.5 Shields


You had 3 spell levels left.
You didn't know any spells.

Dungeon Overview and Level Annotations

Branches:
Dungeon (3/15)

Altars:
Dithmenos
Qazlal
Trog


Innate Abilities, Weirdness & Mutations

You have hooves in place of feet.
Armour fits poorly on your strangely shaped body.
You cover ground very quickly.
You have extremely tough skin. (AC +3)


Message History

The orc warrior barely misses you.
You closely miss the orc warrior.
You kick the orc warrior, but do no damage.
The orc warrior is almost dead.
The orc warrior hits you with a mace!
* * * LOW HITPOINT WARNING * * *
You take 9 damage, and have 7/38 hp.
MASSIVE DAMAGE!!
You are too injured to fight recklessly!
You hit the orc warrior but do no damage.
The orc warrior is almost dead.
The orc warrior barely misses you.
You hit the orc warrior but do no damage.
The orc warrior is almost dead.
The orc warrior hits you with a mace.
* * * LOW HITPOINT WARNING * * *
You take 3 damage, and have 4/38 hp.
You hit the orc warrior but do no damage.
The orc warrior is almost dead.
The orc warrior hits you with a mace!!
You die...

#......# #.##.#.# #.##.#(#
#.##...# ######### #.####.#
#.......# #.####.# #.#####.#
#.......
#...###.###############....
#.........@.....#.## #....
#...###.#o##<##..#.## #....
#..####.#.##.##.###.###....
#.......#.##...## ##.######
##.######.#####.###.##
##...# #.#####..#.## #....#
##...........#### #....#
#.....#..#......####
#.#######.....#..#.#(##.##..


You could see an orc warrior.

Vanquished Creatures
  4 adders
  2 worms (D:2)
  2 dart slugs (D:1)
  A giant gecko (D:1)
  2 ball pythons (D:1)
  6 bats
  6 giant cockroaches
  7 goblins
  7 hobgoblins
  10 jackals
  8 kobolds
  3 giant newts (D:2)
  4 rats
62 creatures vanquished.

Notes
Turn   | Place    | Note
--------------------------------------------------------------
     0 | D:1      | Etesian the Centaur Fighter began the quest for the Orb.
     0 | D:1      | Reached XP level 1. HP: 19/19 MP: 1/1
   292 | D:1      | Reached XP level 2. HP: 21/26 MP: 2/2
   833 | D:1      | Reached XP level 3. HP: 20/31 MP: 3/3
  1510 | D:2      | Found a shadowy altar of Dithmenos.
  1517 | D:2      | Reached XP level 4. HP: 37/38 MP: 4/4
  1545 | D:2      | Found a bloodstained altar of Trog.
  1698 | D:2      | Found a stormy altar of Qazlal.
  1962 | D:3      | Noticed an orc warrior
  3006 | D:2      | Mangled by an orc warrior

Vault maps used:
D:1:      shiori_arrival_maze
D:2:      grunt_temple_overflow_open, nicolae_qazlal_general_emergency
D:3:      minmay_stone_trees_small

Skill      XL: |  1  2  3  4 |
---------------+-------------+-----
Maces & Flails | 2 3 |  3.1
Fighting       | |  3.5
Armour         | |  2.8
Shields        | |  2.5

Action                   |  1- 3 |  4- 6 || total
-------------------------+-------+-------++-------
Melee: Flail             |   138 |    57 ||   195
       Kick              |    24 |    30 ||    54
       Mace              |       |    44 ||    44
  Use: Scroll            |     4 |     3 ||     7
  Eat: Chunk             |     2 |     3 ||     5
Armor: Scale mail        |   108 |    41 ||   149
Dodge: Dodged            |    36 |    16 ||    52
Block: Shield            |    89 |    52 ||   141
